 Dungeon Crawl Stone Soup version 0.22-a0-271-gc000056a37 (webtiles) character file.

34 Peterchen the Chopper (level 3, -2/46 HPs)
             Began as a Minotaur Berserker on Mar 10, 2018.
             Was a Follower of Trog.
             Slain by a worm (6 damage)
             ... on level 2 of the Dungeon.
             The game lasted 00:01:38 (618 turns).

Peterchen the Chopper (Minotaur Berserker)           Turns: 618, Time: 00:01:38

Health: -2/46      AC: 12    Str: 27    XL:     3   Next: 14%
Magic:  2/2        EV:  8    Int:  4    God:    Trog [*.....]
Gold:   89         SH:  0    Dex:  9    Spells: 2/2 levels left

rFire    . . .     SeeInvis .   a - +0 hand axe
rCold    . . .     Gourm    .   (no shield)
rNeg     . . .     Faith    .   j - +1 plate armour
rPois    .         Spirit   .   (helmet restricted)
rElec    .         Reflect  .   (no cloak)
rCorr    .         Harm     .   (no gloves)
MR       .....                  (no boots)
Stlth    ..........             (no amulet)
HPRegen  0.15/turn              e - ring of wizardry
MPRegen  0.08/turn              (no ring)

@: berserking, very quick
A: retaliatory headbutt, horns 2
a: Berserk, Renounce Religion


You were on level 2 of the Dungeon.
You worshipped Trog.
Trog was aware of your devotion.
You were very hungry.

You visited 1 branch of the dungeon, and saw 2 of its levels.

You collected 89 gold pieces.

Inventory:

Hand Weapons
 a - a +0 hand axe (weapon)
Armour
 j - a +1 plate armour (worn)
Jewellery
 e - a ring of wizardry (left hand)
Scrolls
 h - 2 scrolls of enchant armour
Potions
 f - a potion of mutation {unknown}
Comestibles
 c - 3 rations
 d - 5 chunks of flesh


   Skills:
 - Level 3.6 Fighting
 * Level 5.2 Axes
 - Level 2.4 Armour
 - Level 2.1 Dodging


You had 2 spell levels left.
You didn't know any spells.

Dungeon Overview and Level Annotations

Branches:
Dungeon (2/15)

Altars:


Innate Abilities, Weirdness & Mutations

You reflexively headbutt those who attack you in melee.
You have a pair of horns on your head.


Message History

You start resting.
A worm comes into view.
You start resting.
Okay, then.
You hit the worm.
The worm is lightly wounded.
You hit the worm.
The worm is moderately wounded.
The worm bites you but does no damage.
You completely miss the worm.
The worm is moderately wounded.
The worm bites you!
* * * LOW HITPOINT WARNING * * *
A red film seems to cover your vision as you go berserk!
You feel yourself moving faster!
You feel mighty!
You are feeling very hungry.
You slash the worm!
The worm is almost dead.
The worm bites you.
You die...

####.........
.........###... .[..####.#
#...# ....# #.# #...#
....# #.# #...# ...## #.#
#...# ...# #<###...###
...#####.........#
...##..........w@#...#....
.................#...#....
.#....>.....#.####......#
.+..........#.####.......
.#...#####..#...........
.#...#......#........#
............#........#
.....#..............#
.....+......w.......#


You could see a worm.

Vanquished Creatures
  An adder (D:2)
  A worm (D:2)
  3 dart slugs
  2 goblins (D:1)
  3 hobgoblins (D:2)
  A ball python (D:2)
  4 bats
  2 kobolds (D:1)
  2 rats
19 creatures vanquished.

Notes
Turn   | Place    | Note
-------+----------+-------------------------------------------
     0 | D:1      | Peterchen the Minotaur Berserker began the quest for the Orb.
     0 | D:1      | Reached XP level 1. HP: 19/19 MP: 0/0
   108 | D:1      | Reached skill level 4 in Axes
   159 | D:1      | Reached XP level 2. HP: 18/26 MP: 1/1
   529 | D:2      | Reached skill level 5 in Axes
   529 | D:2      | Reached XP level 3. HP: 15/31 MP: 2/2
   618 | D:2      | Slain by a worm

Vault maps used:
D:1:      dpeg_arrival_three_same_balls, serial_park_tiny_pond, feat_on_display

Skill      XL: |  1  2 |
---------------+-------+-----
Axes           | 4 5 |  5.2
Fighting       | |  3.6
Armour         | |  2.4
Dodging        | |  2.1

Action                   || total
-------------------------++-------
Melee: Hand axe          ||    50
       Headbutt          ||     2
Invok: Berserk           ||     2
  Use: Scroll            ||     3
Armor: Animal skin       ||    11
       Plate armour      ||    16
Dodge: Dodged            ||    24

Table legend:
 A = Spawn XP
 B = Non-spawn XP
 C = Spawn XP percentage of total XP
 D = Spawn monster count
 E = Non-spawn monster count
 F = Spawn count percentage of total count
 G = Total turns spent on level
                    A         B        C        D         E        F      G
               +---------+---------+-------+---------+---------+-------+---------
         Total |       0 |      49 |   0.0 |       0 |      19 |   0.0 |   618
               +---------+---------+-------+---------+---------+-------+---------
           D:1 |       0 |      18 |   0.0 |       0 |      10 |   0.0 |   449
           D:2 |       0 |      31 |   0.0 |       0 |       9 |   0.0 |   169
               +---------+---------+-------+---------+---------+-------+---------
